Unix NetHack Version 3.7.0-66 Work-in-progress - last build Dec 5 2022 03:26:57 (dbea811729ade750c4c0c7f8ab6145c62533a6e7,branch:master).

Game began 2022-12-03 12:30:19, ended 2022-12-08 23:13:06.

spontiff, chaotic female gnomish Healer

  
unexplored area
unexplored area
unexplored area
unexplored area
unexplored area
unexplored area
unexplored area
unexplored area
unexplored area
unexplored area
unexplored area
unexplored area
unexplored area
unexplored area
unexplored area
unexplored area
unexplored area
unexplored area
unexplored area
unexplored area
unexplored area
unexplored area
unexplored area
unexplored area
unexplored area
unexplored area
unexplored area
unexplored area
unexplored area
unexplored area
unexplored area
unexplored area
unexplored area
unexplored area
unexplored area
unexplored area
unexplored area
unexplored area
unexplored area
unexplored area
unexplored area
unexplored area
unexplored area
unexplored area
unexplored area
unexplored area
unexplored area
unexplored area
unexplored area
unexplored area
unexplored area
unexplored area
unexplored area
unexplored area
unexplored area
unexplored area
unexplored area
unexplored area
unexplored area
unexplored area
unexplored area
unexplored area
unexplored area
unexplored area
unexplored area
unexplored area
unexplored area
unexplored area
unexplored area
unexplored area
unexplored area
unexplored area
unexplored area
unexplored area
unexplored area
unexplored area
unexplored area
unexplored area
unexplored area
unexplored area
unexplored area
unexplored area
unexplored area
unexplored area
unexplored area
unexplored area
unexplored area
unexplored area
unexplored area
unexplored area
unexplored area
unexplored area
unexplored area
unexplored area
unexplored area
unexplored area
unexplored area
unexplored area
unexplored area
unexplored area
unexplored area
unexplored area
unexplored area
unexplored area
unexplored area
unexplored area
unexplored area
unexplored area
unexplored area
unexplored area
unexplored area
unexplored area
unexplored area
unexplored area
unexplored area
unexplored area
unexplored area
unexplored area
unexplored area
unexplored area
unexplored area
unexplored area
unexplored area
unexplored area
wall
unexplored area
unexplored area
unexplored area
unexplored area
unexplored area
unexplored area
unexplored area
unexplored area
unexplored area
unexplored area
unexplored area
unexplored area
unexplored area
unexplored area
unexplored area
unexplored area
unexplored area
unexplored area
unexplored area
unexplored area
unexplored area
unexplored area
unexplored area
unexplored area
unexplored area
unexplored area
unexplored area
unexplored area
unexplored area
unexplored area
unexplored area
unexplored area
unexplored area
unexplored area
unexplored area
unexplored area
unexplored area
unexplored area
unexplored area
unexplored area
unexplored area
unexplored area
unexplored area
unexplored area
unexplored area
unexplored area
unexplored area
unexplored area
unexplored area
unexplored area
unexplored area
unexplored area
unexplored area
unexplored area
unexplored area
unexplored area
unexplored area
unexplored area
unexplored area
unexplored area
unexplored area
unexplored area
unexplored area
unexplored area
unexplored area
unexplored area
unexplored area
unexplored area
unexplored area
unexplored area
unexplored area
unexplored area
Jjabberwock
unexplored area
unexplored area
unexplored area
unexplored area
.dark part of a room
.dark part of a room
.dark part of a room
unexplored area
unexplored area
unexplored area
unexplored area
unexplored area
unexplored area
unexplored area
unexplored area
unexplored area
unexplored area
unexplored area
unexplored area
unexplored area
unexplored area
unexplored area
unexplored area
unexplored area
unexplored area
unexplored area
unexplored area
unexplored area
unexplored area
unexplored area
unexplored area
unexplored area
unexplored area
unexplored area
unexplored area
unexplored area
unexplored area
unexplored area
unexplored area
unexplored area
unexplored area
unexplored area
unexplored area
unexplored area
unexplored area
unexplored area
unexplored area
unexplored area
unexplored area
unexplored area
unexplored area
unexplored area
unexplored area
unexplored area
unexplored area
unexplored area
unexplored area
unexplored area
unexplored area
unexplored area
unexplored area
unexplored area
unexplored area
unexplored area
unexplored area
unexplored area
unexplored area
unexplored area
unexplored area
unexplored area
unexplored area
@rogue called Michael the Burglar
unexplored area
unexplored area
unexplored area
unexplored area
unexplored area
unexplored area
unexplored area
unexplored area
unexplored area
unexplored area
wall
.dark part of a room
.dark part of a room
.dark part of a room
wall
wall
wall
unexplored area
unexplored area
unexplored area
unexplored area
unexplored area
unexplored area
unexplored area
unexplored area
unexplored area
unexplored area
unexplored area
unexplored area
unexplored area
unexplored area
unexplored area
unexplored area
unexplored area
unexplored area
unexplored area
unexplored area
unexplored area
unexplored area
unexplored area
unexplored area
unexplored area
unexplored area
unexplored area
unexplored area
unexplored area
unexplored area
unexplored area
unexplored area
unexplored area
unexplored area
unexplored area
unexplored area
unexplored area
unexplored area
unexplored area
unexplored area
unexplored area
unexplored area
unexplored area
unexplored area
unexplored area
unexplored area
unexplored area
unexplored area
unexplored area
unexplored area
unexplored area
unexplored area
unexplored area
unexplored area
unexplored area
unexplored area
unexplored area
unexplored area
unexplored area
unexplored area
unexplored area
unexplored area
unexplored area
unexplored area
unexplored area
unexplored area
unexplored area
unexplored area
@priest of Moloch
unexplored area
unexplored area
unexplored area
unexplored area
wall
.dark part of a room
.dark part of a room
.dark part of a room
+a blessed spellbook of remove curse
wall
unexplored area
unexplored area
unexplored area
unexplored area
unexplored area
unexplored area
unexplored area
unexplored area
unexplored area
unexplored area
unexplored area
unexplored area
unexplored area
unexplored area
unexplored area
unexplored area
unexplored area
unexplored area
unexplored area
unexplored area
unexplored area
unexplored area
unexplored area
unexplored area
unexplored area
unexplored area
unexplored area
unexplored area
unexplored area
unexplored area
unexplored area
unexplored area
unexplored area
unexplored area
unexplored area
unexplored area
unexplored area
unexplored area
unexplored area
unexplored area
unexplored area
unexplored area
unexplored area
unexplored area
unexplored area
unexplored area
unexplored area
unexplored area
unexplored area
unexplored area
unexplored area
unexplored area
unexplored area
unexplored area
unexplored area
unexplored area
unexplored area
unexplored area
unexplored area
unexplored area
unexplored area
unexplored area
unexplored area
unexplored area
unexplored area
unexplored area
unexplored area
unexplored area
unexplored area
unexplored area
unexplored area
unexplored area
unexplored area
wall
wall
.dark part of a room
.dark part of a room
.dark part of a room
wall
wall
wall
wall
wall
wall
unexplored area
unexplored area
unexplored area
unexplored area
unexplored area
unexplored area
unexplored area
unexplored area
unexplored area
unexplored area
unexplored area
unexplored area
unexplored area
unexplored area
unexplored area
unexplored area
unexplored area
unexplored area
unexplored area
unexplored area
unexplored area
unexplored area
unexplored area
unexplored area
unexplored area
unexplored area
unexplored area
unexplored area
unexplored area
unexplored area
unexplored area
unexplored area
unexplored area
unexplored area
unexplored area
unexplored area
unexplored area
unexplored area
unexplored area
unexplored area
unexplored area
unexplored area
unexplored area
unexplored area
unexplored area
unexplored area
unexplored area
unexplored area
unexplored area
unexplored area
unexplored area
unexplored area
unexplored area
unexplored area
unexplored area
unexplored area
unexplored area
unexplored area
unexplored area
unexplored area
unexplored area
@priestess of Moloch
unexplored area
unexplored area
unexplored area
unexplored area
unexplored area
unexplored area
unexplored area
wall
.dark part of a room
.dark part of a room
%an orange dragon corpse
.dark part of a room
.dark part of a room
.dark part of a room
.dark part of a room
.dark part of a room
.dark part of a room
wall
unexplored area
unexplored area
unexplored area
unexplored area
unexplored area
unexplored area
unexplored area
unexplored area
unexplored area
unexplored area
unexplored area
unexplored area
unexplored area
unexplored area
unexplored area
unexplored area
unexplored area
unexplored area
unexplored area
unexplored area
unexplored area
unexplored area
unexplored area
unexplored area
unexplored area
unexplored area
unexplored area
unexplored area
unexplored area
unexplored area
@priestess of Athena
unexplored area
unexplored area
@priestess of Moloch
unexplored area
unexplored area
unexplored area
unexplored area
unexplored area
unexplored area
unexplored area
unexplored area
unexplored area
unexplored area
unexplored area
unexplored area
unexplored area
unexplored area
unexplored area
unexplored area
unexplored area
unexplored area
unexplored area
unexplored area
unexplored area
unexplored area
unexplored area
unexplored area
unexplored area
unexplored area
AAngel of Poseidon
unexplored area
unexplored area
@priestess of Moloch
AAngel of Moloch
unexplored area
unexplored area
unexplored area
wall
wall
wall
wall
wall
wall
wall
/a wand
.dark part of a room
.dark part of a room
wall
unexplored area
unexplored area
unexplored area
unexplored area
unexplored area
unexplored area
unexplored area
unexplored area
unexplored area
unexplored area
unexplored area
unexplored area
unexplored area
unexplored area
unexplored area
unexplored area
unexplored area
Apeaceful Angel of Hermes
unexplored area
unexplored area
unexplored area
unexplored area
unexplored area
unexplored area
unexplored area
unexplored area
AAngel of Athena
unexplored area
unexplored area
unexplored area
unexplored area
unexplored area
unexplored area
unexplored area
unexplored area
unexplored area
unexplored area
unexplored area
Apeaceful Angel of Hermes
unexplored area
unexplored area
unexplored area
unexplored area
unexplored area
unexplored area
unexplored area
unexplored area
unexplored area
unexplored area
unexplored area
unexplored area
unexplored area
unexplored area
unexplored area
unexplored area
unexplored area
unexplored area
unexplored area
unexplored area
@priest of Moloch
unexplored area
AAngel of Moloch
unexplored area
unexplored area
unexplored area
@priestess of Athena
unexplored area
unexplored area
unexplored area
unexplored area
unexplored area
unexplored area
unexplored area
unexplored area
wall
wall
.doorway
wall
wall
wall
wall
unexplored area
unexplored area
unexplored area
wall
wall
unexplored area
unexplored area
wall
wall
wall
wall
wall
wall
wall
wall
wall
unexplored area
unexplored area
unexplored area
unexplored area
unexplored area
unexplored area
unexplored area
unexplored area
unexplored area
unexplored area
unexplored area
unexplored area
unexplored area
unexplored area
unexplored area
unexplored area
unexplored area
unexplored area
unexplored area
@renegade priestess of Hermes
@priest of Moloch
AAngel of Athena
unexplored area
unexplored area
unexplored area
unexplored area
unexplored area
Bvampire bat
AAngel of Moloch
unexplored area
AAngel of Moloch
unexplored area
unexplored area
unexplored area
unexplored area
unexplored area
unexplored area
unexplored area
unexplored area
unexplored area
unexplored area
unexplored area
unexplored area
unexplored area
@renegade priest of Hermes
unexplored area
unexplored area
unexplored area
unexplored area
unexplored area
unexplored area
unexplored area
unexplored area
unexplored area
unexplored area
unexplored area
.dark part of a room
.dark part of a room
)a long sword
.dark part of a room
.dark part of a room
.dark part of a room
wall
unexplored area
unexplored area
wall
wall
.dark part of a room
unexplored area
unexplored area
wall
.dark part of a room
.dark part of a room
.dark part of a room
.dark part of a room
.dark part of a room
.dark part of a room
.dark part of a room
wall
unexplored area
unexplored area
unexplored area
unexplored area
unexplored area
unexplored area
unexplored area
unexplored area
unexplored area
unexplored area
unexplored area
@peaceful priestess of Hermes
unexplored area
unexplored area
@peaceful high priestess
unexplored area
unexplored area
unexplored area
unexplored area
unexplored area
unexplored area
Arenegade Angel of Hermes
unexplored area
unexplored area
unexplored area
unexplored area
unexplored area
unexplored area
unexplored area
unexplored area
unexplored area
unexplored area
unexplored area
@priest of Moloch
unexplored area
unexplored area
unexplored area
unexplored area
unexplored area
unexplored area
unexplored area
unexplored area
unexplored area
unexplored area
unexplored area
@priestess of Poseidon
unexplored area
unexplored area
unexplored area
unexplored area
unexplored area
unexplored area
unexplored area
unexplored area
unexplored area
unexplored area
.dark part of a room
.dark part of a room
.dark part of a room
.dark part of a room
.dark part of a room
@priest of Moloch
.dark part of a room
wall
wall
wall
.dark part of a room
.dark part of a room
AAngel of Poseidon
.dark part of a room
wall
.dark part of a room
.dark part of a room
.dark part of a room
.dark part of a room
.dark part of a room
.dark part of a room
.dark part of a room
wall
unexplored area
unexplored area
unexplored area
unexplored area
unexplored area
unexplored area
unexplored area
unexplored area
unexplored area
unexplored area
unexplored area
unexplored area
unexplored area
unexplored area
unexplored area
unexplored area
unexplored area
Bvampire bat
unexplored area
unexplored area
@priest of Athena
@priest of Poseidon
unexplored area
Atame Archon
unexplored area
unexplored area
unexplored area
unexplored area
@priestess of Poseidon
Dblack dragon
unexplored area
unexplored area
&Death
unexplored area
unexplored area
unexplored area
unexplored area
unexplored area
unexplored area
@priest of Athena
unexplored area
unexplored area
unexplored area
Apeaceful Angel of Hermes
AAngel of Poseidon
@priest of Athena
unexplored area
unexplored area
unexplored area
unexplored area
unexplored area
unexplored area
unexplored area
unexplored area
unexplored area
unexplored area
unexplored area
.dark part of a room
.dark part of a room
.dark part of a room
.dark part of a room
.dark part of a room
unexplored area
.dark part of a room
.doorway
@peaceful priest of Hermes
Ainvisible Archon
.dark part of a room
.dark part of a room
AAngel of Athena
-open door
Arenegade Angel of Hermes
.dark part of a room
&Famine
@gnomish healer called spontiff
Atame guardian Angel of Hermes
.dark part of a room
.dark part of a room
wall
unexplored area
unexplored area
unexplored area
unexplored area
unexplored area
unexplored area
unexplored area
unexplored area
unexplored area
unexplored area
unexplored area
unexplored area
unexplored area
unexplored area
unexplored area
unexplored area
unexplored area
unexplored area
unexplored area
unexplored area
unexplored area
unexplored area
unexplored area
unexplored area
unexplored area
unexplored area
unexplored area
unexplored area
Dwhite dragon
unexplored area
unexplored area
@lieutenant
unexplored area
unexplored area
unexplored area
unexplored area
unexplored area
unexplored area
unexplored area
unexplored area
unexplored area
unexplored area
unexplored area
unexplored area
unexplored area
unexplored area
unexplored area
unexplored area
unexplored area
unexplored area
@peaceful priest of Hermes
unexplored area
unexplored area
unexplored area
unexplored area
unexplored area
unexplored area
unexplored area
.dark part of a room
.dark part of a room
.dark part of a room
unexplored area
unexplored area
unexplored area
wall
wall
unexplored area
unexplored area
unexplored area
@caveman called Mike the Wayfarer
wall
.dark part of a room
.dark part of a room
.dark part of a room
.dark part of a room
.dark part of a room
.dark part of a room
.dark part of a room
wall
unexplored area
unexplored area
unexplored area
unexplored area
unexplored area
unexplored area
unexplored area
unexplored area
unexplored area
unexplored area
unexplored area
unexplored area
unexplored area
unexplored area
unexplored area
unexplored area
Einvisible stalker
unexplored area
unexplored area
unexplored area
unexplored area
@priest of Poseidon
unexplored area
unexplored area
unexplored area
unexplored area
unexplored area
unexplored area
unexplored area
unexplored area
unexplored area
unexplored area
unexplored area
@priestess of Moloch
unexplored area
unexplored area
unexplored area
unexplored area
unexplored area
unexplored area
unexplored area
unexplored area
unexplored area
unexplored area
unexplored area
unexplored area
unexplored area
unexplored area
unexplored area
Dyellow dragon
unexplored area
unexplored area
unexplored area
unexplored area
unexplored area
unexplored area
unexplored area
unexplored area
unexplored area
unexplored area
unexplored area
unexplored area
unexplored area
unexplored area
unexplored area
unexplored area
unexplored area
unexplored area
unexplored area
unexplored area
wall
AAngel of Moloch
.dark part of a room
.dark part of a room
.dark part of a room
.dark part of a room
.dark part of a room
.dark part of a room
wall
unexplored area
unexplored area
unexplored area
unexplored area
unexplored area
unexplored area
unexplored area
unexplored area
unexplored area
@archeologist called Keizo the Curator
unexplored area
unexplored area
unexplored area
unexplored area
unexplored area
unexplored area
unexplored area
unexplored area
unexplored area
unexplored area
unexplored area
unexplored area
unexplored area
unexplored area
unexplored area
unexplored area
unexplored area
unexplored area
unexplored area
unexplored area
unexplored area
unexplored area
unexplored area
unexplored area
unexplored area
unexplored area
unexplored area
unexplored area
AAngel of Athena
unexplored area
unexplored area
unexplored area
unexplored area
unexplored area
unexplored area
unexplored area
unexplored area
unexplored area
unexplored area
unexplored area
unexplored area
unexplored area
unexplored area
unexplored area
unexplored area
unexplored area
unexplored area
unexplored area
unexplored area
unexplored area
unexplored area
unexplored area
unexplored area
unexplored area
unexplored area
unexplored area
unexplored area
unexplored area
unexplored area
unexplored area
wall
wall
wall
wall
wall
wall
wall
wall
wall
unexplored area
unexplored area
unexplored area
unexplored area
unexplored area
unexplored area
unexplored area
unexplored area
unexplored area
AAngel of Poseidon
unexplored area
unexplored area
unexplored area
AAngel of Poseidon
unexplored area
unexplored area
unexplored area
unexplored area
unexplored area
unexplored area
unexplored area
unexplored area
unexplored area
unexplored area
unexplored area
unexplored area
unexplored area
unexplored area
unexplored area
unexplored area
unexplored area
unexplored area
unexplored area
unexplored area
unexplored area
unexplored area
unexplored area
unexplored area
@priestess of Poseidon
unexplored area
unexplored area
unexplored area
unexplored area
unexplored area
unexplored area
@peaceful high priest
unexplored area
unexplored area
unexplored area
unexplored area
unexplored area
unexplored area
unexplored area
unexplored area
unexplored area
unexplored area
unexplored area
unexplored area
unexplored area
unexplored area
unexplored area
unexplored area
unexplored area
unexplored area
unexplored area
unexplored area
unexplored area
unexplored area
unexplored area
unexplored area
unexplored area
@priestess of Poseidon
@invisible ranger called Sean the Arbalester
unexplored area
unexplored area
unexplored area
unexplored area
unexplored area
unexplored area
unexplored area
unexplored area
unexplored area
unexplored area
unexplored area
unexplored area
unexplored area
unexplored area
unexplored area
unexplored area
unexplored area
unexplored area
unexplored area
unexplored area
unexplored area
unexplored area
unexplored area
unexplored area
unexplored area
unexplored area
unexplored area
unexplored area
unexplored area
unexplored area
unexplored area
unexplored area
unexplored area
unexplored area
unexplored area
unexplored area
unexplored area
unexplored area
unexplored area
unexplored area
unexplored area
unexplored area
unexplored area
unexplored area
@priest of Athena
unexplored area
unexplored area
unexplored area
unexplored area
unexplored area
unexplored area
unexplored area
unexplored area
unexplored area
unexplored area
AAngel of Athena
unexplored area
unexplored area
unexplored area
unexplored area
unexplored area
unexplored area
unexplored area
unexplored area
unexplored area
unexplored area
unexplored area
unexplored area
unexplored area
unexplored area
unexplored area
unexplored area
unexplored area
unexplored area
unexplored area
unexplored area
unexplored area
unexplored area
unexplored area
unexplored area
unexplored area
unexplored area
unexplored area
unexplored area
unexplored area
unexplored area
unexplored area
unexplored area
unexplored area
unexplored area
unexplored area
unexplored area
unexplored area
unexplored area
unexplored area
unexplored area
unexplored area
unexplored area
unexplored area
unexplored area
unexplored area
unexplored area
unexplored area
unexplored area
unexplored area
unexplored area
unexplored area
unexplored area
unexplored area
unexplored area
unexplored area
unexplored area
unexplored area
unexplored area
unexplored area
unexplored area
unexplored area
unexplored area
unexplored area
unexplored area
unexplored area
unexplored area
unexplored area
unexplored area
unexplored area
unexplored area
AAngel of Athena
unexplored area
unexplored area
unexplored area
unexplored area
unexplored area
unexplored area
unexplored area
unexplored area
&Pestilence
unexplored area
unexplored area
unexplored area
unexplored area
unexplored area
unexplored area
unexplored area
unexplored area
unexplored area
unexplored area
unexplored area
unexplored area
unexplored area
unexplored area
unexplored area
unexplored area
unexplored area
unexplored area
unexplored area
unexplored area
unexplored area
unexplored area
unexplored area
unexplored area
unexplored area
unexplored area
unexplored area
unexplored area
unexplored area
unexplored area
unexplored area
unexplored area
unexplored area
unexplored area
unexplored area
unexplored area
unexplored area
unexplored area
unexplored area
unexplored area
unexplored area
unexplored area
unexplored area
unexplored area
unexplored area
unexplored area
unexplored area
unexplored area
unexplored area
unexplored area
unexplored area
unexplored area
unexplored area
unexplored area
unexplored area
unexplored area
unexplored area
unexplored area
unexplored area
unexplored area
unexplored area
unexplored area
unexplored area
unexplored area
unexplored area
unexplored area
Dwhite dragon
Bvampire bat
unexplored area
unexplored area
unexplored area
unexplored area
unexplored area
unexplored area
unexplored area
unexplored area
unexplored area
unexplored area
Bvampire bat
unexplored area
unexplored area
unexplored area
unexplored area
unexplored area
unexplored area
unexplored area
unexplored area
unexplored area
unexplored area
unexplored area
unexplored area
unexplored area
unexplored area
unexplored area
unexplored area
unexplored area
unexplored area
unexplored area
unexplored area
unexplored area
unexplored area
unexplored area
unexplored area
unexplored area
unexplored area
unexplored area
unexplored area
unexplored area
unexplored area
unexplored area
unexplored area
unexplored area
unexplored area
unexplored area
unexplored area
unexplored area
unexplored area
unexplored area
unexplored area
unexplored area
unexplored area
unexplored area
unexplored area
unexplored area
unexplored area
unexplored area
unexplored area
unexplored area
unexplored area
unexplored area
unexplored area
unexplored area
unexplored area
unexplored area
unexplored area
unexplored area
unexplored area
unexplored area
unexplored area
unexplored area
unexplored area
unexplored area
unexplored area
unexplored area
unexplored area
unexplored area
unexplored area
unexplored area
unexplored area
Ainvisible Angel of Poseidon
unexplored area
Arenegade Angel of Hermes
unexplored area
unexplored area
unexplored area
unexplored area
unexplored area
unexplored area
unexplored area
unexplored area
unexplored area
unexplored area
unexplored area
unexplored area
unexplored area
unexplored area
unexplored area
unexplored area
unexplored area
unexplored area
unexplored area
unexplored area
unexplored area
unexplored area
unexplored area
unexplored area
unexplored area
unexplored area
unexplored area
unexplored area
unexplored area
unexplored area
unexplored area
unexplored area
unexplored area
unexplored area
unexplored area
unexplored area
unexplored area
unexplored area
unexplored area
unexplored area
unexplored area
unexplored area
unexplored area
unexplored area
unexplored area
unexplored area
unexplored area
unexplored area
unexplored area
unexplored area
unexplored area
unexplored area
unexplored area
unexplored area
unexplored area
unexplored area
unexplored area
unexplored area
unexplored area
unexplored area
unexplored area
unexplored area
unexplored area
unexplored area
unexplored area
unexplored area
unexplored area
unexplored area
unexplored area
unexplored area
unexplored area
unexplored area
unexplored area
unexplored area
unexplored area
unexplored area
unexplored area
unexplored area
unexplored area
unexplored area
unexplored area
unexplored area
unexplored area
unexplored area
unexplored area
unexplored area
unexplored area
unexplored area
unexplored area
unexplored area
unexplored area
unexplored area
unexplored area
unexplored area
unexplored area
unexplored area
unexplored area
unexplored area
unexplored area
unexplored area
unexplored area
unexplored area
unexplored area
unexplored area
unexplored area
unexplored area
unexplored area
unexplored area
unexplored area
unexplored area
unexplored area
unexplored area
unexplored area
unexplored area
unexplored area
unexplored area
unexplored area
unexplored area
[Spontiff the Embalmer ] St:18/50 Dx:13 Co:18 In:13 Wi:18 Ch:18 Chaotic S:12550 Astral Plane $:0 HP:112(196) Pw:14(34) AC:-9 Xp:6/320 T:73625 Blind Stun

Latest messages:

The magic missile hits the Archon.
But it reflects from the Archon's shield!
A mysterious force prevents you from teleporting!
An uncursed amulet of flying lands on the altar.
An uncursed amulet of life saving lands on the altar.
An uncursed amulet of life saving lands on the altar.
An uncursed amulet of magical breathing lands on the altar.
Your movements are now unencumbered.
An uncursed amulet of reflection lands on the altar.
There is an amber flash as the blessed +0 Staff of Aesculapius hits the altar.
The uncursed Bell of Opening (0:0) lands on the altar.
The uncursed Candelabrum of Invocation (0 of 7 candles attached) lands on the altar.
An uncursed topaz stone lands on the altar.
There is an amber flash as 2 blessed luckstones hit the altar.
There is an amber flash as a blessed touchstone hits the altar.
The Angel of Athena points at you, then curses.
What do you want to use or apply? [acfkmos-uxzDFHJMNPSTZ or ?*] N
What do you want to use or apply? [acfkmos-uxzDFHJMNPSTZ or ?*] f
The Archon gazes at the Angel of Moloch...
The Angel of Moloch is blinded.
The renegade Angel of Hermes points at you, then curses.
The Angel of Moloch drinks a potion of extra healing!
The Angel of Moloch can see again.
The Angel of Moloch looks much better.
What do you want to use or apply? [acfkmos-uxzDFHJMNPSTZ or ?*] z
In what direction? j
You remove the leash from your Archon.
The Archon gazes at the Angel of Moloch...
The Angel of Moloch is blinded.
The renegade Angel of Hermes points at you, then curses.
The Angel of Athena points at you, then curses.
The Angel of Poseidon points at you, then curses.
You hear a door open.
What do you want to zap? [uDFHJMPSTZ or ?*] ?
In what direction? b
The Archon vanishes!
You hear some noises in the distance.
You are blinded by the invisible Archon's radiance!
You stagger...
"Come here often?"
You hear a mumbled curse.
There is an ice troll corpse here; sacrifice it? [ynq] (n) n
What do you want to sacrifice? [Y or ?*] ?
You offer the Amulet of Yendor to Poseidon...
An invisible choir sings, and you are bathed in radiance...
The voice of Poseidon booms out: "Mortal, thou hast done well!"
"In return for thy service, I grant thee the gift of Immortality!"
You ascend to the status of Demigoddess...
Do you want your possessions identified? [ynq] (y) y
Do you want to see the dungeon overview? [ynq] (y) y

Inventory:

Armor

h - an uncursed greased rustproof +4 helm of brilliance
G - a cursed greased rustproof +1 helm of opposite alignment (being worn)
g - a cursed very burnt +1 pair of leather gloves (being worn)
r - a blessed very burnt +3 small shield (being worn)
q - an uncursed greased thoroughly burnt rotted +3 cloak of magic resistance (being worn)
d - an uncursed +1 silver dragon scale mail (being worn)

Comestibles

y - a cursed apple
a - 6 uncursed cream pies
n - an uncursed food ration
p - a cursed tripe ration
b - an uncursed homemade tin of nurse meat

Scrolls

v - 2 uncursed scrolls of create monster

Rings

R - an uncursed ring of free action (on right hand)
L - a cursed ring of slow digestion (on left hand)

Wands

Z - an uncursed wand of cancellation (0:0)
D - an uncursed wand of digging (0:0)
F - an uncursed wand of digging (0:0)
M - an uncursed wand of opening (1:10)
P - a blessed wand of polymorph (1:3)
S - a cursed wand of sleep (0:6)
J - an uncursed wand of speed monster (0:6)
u - an uncursed wand of teleportation (0:6)
T - an uncursed wand of teleportation (0:4)
H - an uncursed wand of teleportation (0:0)

Tools

f - a blessed greased bag of holding containing 95 items
N - an uncursed greased sack containing 2 items
z - an uncursed leash
m - an uncursed magic marker (1:3)
o - an uncursed magic whistle
x - a blessed oil lamp (lit) (wielded)
k - an uncursed skeleton key named Geno: chwtLR
s - an uncursed stethoscope
t - an uncursed towel named Need Stealth
c - a blessed +0 unicorn horn

Contents of the bag of holding:

an uncursed +4 bullwhip
an uncursed +0 mummy wrapping
an uncursed greased +0 robe
an uncursed +0 T-shirt with text "Real men are valkyries"
13 uncursed K-rations
2 uncursed tripe rations
a blessed tin of chameleon meat
an uncursed scroll of amnesia
14 blessed scrolls of blank paper
5 uncursed scrolls of blank paper
10 cursed scrolls of blank paper
2 blessed scrolls of create monster
2 uncursed scrolls of create monster
a cursed scroll of create monster
a blessed scroll of fire
a cursed scroll of gold detection
a blessed scroll of light
an uncursed scroll of punishment
a blessed scroll of remove curse
a blessed scroll of scare monster
3 blessed scrolls of scare monster
a blessed scroll of taming
an uncursed scroll of taming
a blessed spellbook of blank paper
an uncursed potion of acid
6 uncursed diluted potions of extra healing
a blessed potion of full healing
an uncursed potion of full healing
an uncursed potion of invisibility
a blessed potion of levitation
2 uncursed potions of levitation
2 uncursed potions of monster detection
a blessed potion of restore ability
3 potions of holy water
2 potions of unholy water
a blessed ring of conflict
an uncursed ring of levitation
an uncursed ring of polymorph
an uncursed ring of polymorph control
an uncursed ring of protection from shape changers
a blessed ring of regeneration
an uncursed ring of stealth
a blessed ring of warning
an uncursed wand of create monster (0:12)
an uncursed wand of digging (1:11)
an uncursed wand of digging (0:8)
an uncursed wand of digging (0:8)
an uncursed wand of digging (0:8)
an uncursed wand of digging (0:7)
an uncursed wand of digging (0:7)
an uncursed wand of digging (0:7)
an uncursed wand of digging (0:6)
an uncursed wand of digging (0:6)
an uncursed wand of digging (0:5)
an uncursed wand of digging (0:5)
an uncursed wand of digging (0:4)
an uncursed wand of digging (0:4)
an uncursed wand of digging (0:4)
an uncursed wand of digging (0:4)
an uncursed wand of digging (0:3)
an uncursed wand of digging (0:2)
an uncursed wand of digging (0:2)
an uncursed wand of digging (0:0)
an uncursed wand of digging (1:0)
an uncursed wand of light (0:14)
an uncursed wand of light (0:13)
an uncursed wand of light (0:4)
an uncursed wand of lightning (0:7)
an uncursed wand of lightning (0:6)
an uncursed wand of opening (0:4)
an uncursed wand of probing (0:7)
an uncursed wand of probing (0:4)
an uncursed wand of probing (1:4)
an uncursed wand of probing (1:3)
an uncursed wand of secret door detection (0:9)
an uncursed wand of secret door detection (1:3)
an uncursed wand of secret door detection (1:1)
an uncursed wand of sleep (0:5)
an uncursed wand of sleep (0:3)
a blessed wand of slow monster (0:7)
an uncursed wand of speed monster (0:6)
an uncursed wand of striking (0:6)
an uncursed wand of striking (0:4)
an uncursed wand of striking (2:0)
an uncursed wand of teleportation (1:8)
an uncursed wand of teleportation (0:5)
an uncursed wand of teleportation (0:1)
an uncursed wand of undead turning (1:11)
an uncursed wand of undead turning (0:5)
an uncursed can of grease (0:6)
an uncursed expensive camera (0:35)
2 uncursed tallow candles
a blessed tinning kit (0:24)
an uncursed +0 unicorn horn
6 uncursed wax candles

Contents of the sack:

a blessed scroll of remove curse
a potion of holy water

Spontiff the Healer's attributes:


Background:

You were an Embalmer, a level 6 female gnomish Healer.
You were chaotic, temporarily on a mission for Poseidon
who was opposed by Athena (lawful) and Hermes (neutral).
You were actually neutral.
You started out male.
You were in the endgame, on the Astral Plane.
You entered the dungeon 73625 turns ago.
It was nighttime.
There was a full moon in effect when your adventure ended.
You had 320 experience points, 320 more were needed to attain level 7.
Your score was 12550 before end-of-game adjustments.

Basics:

You had 112 out of 196 hit points.
You had 14 out of 34 energy points (spell power).
Your armor class was -9.
Your wallet was empty.
Autopickup was on for '"?!=/' plus thrown, with exceptions.

Final Characteristics:

Your strength was 18/50 (limit:18/50).
Your dexterity was 13 (limit:18).
Your constitution was 18 (limit:18).
Your intelligence was 13 (limit:19).
Your wisdom was 18 (limit:18).
Your charisma was 18 (limit:18).

Final Status:

You were stunned.
You were temporarily blind.
You were not hungry.
You were unencumbered.
You were wielding a tool.

Final Attributes:

You were the Envoy of Balance.
You were fervently aligned.
You were magic-protected.
You were fire resistant.
You were cold resistant.
You were sleep resistant.
You were disintegration resistant.
You were shock resistant.
You were poison resistant.
You would have seen invisible when not blind.
You were telepathic.
You had infravision.
You were invisible to others.
You could teleport.
You had teleport control.
You had slower digestion.
You were warded.
You were fast.
You had reflection.
You had free action.
You were extremely lucky.
You survived.

Miscellaneous:
You encountered 2 bones levels.
Total elapsed playing time was 1 day, 4 hours, 35 minutes and 2 seconds.

Major events:

Turn

1: spontiff the neutral male gnomish Healer entered the dungeon
4305: entered the Gnomish Mines
5198: reached Mine Town
16088: entered Sokoban
23846: acquired the Mines' End luckstone
26047: killed the Oracle
26324: completed 1st Sokoban level
27041: completed 2nd Sokoban level
27635: completed 3rd Sokoban level
28833: completed 4th Sokoban level
29200: acquired the Sokoban bag of holding
36881: made his first wish - "holy wand of polymorph", got "a steel wand"
38372: stole 326 zorkmids worth of merchandise from Tjiwidej's delicatessen
45355: killed Medusa
49030: entered Gehennom
49404: attained the rank of Empiric (level 3)
49587: was bestowed with Giantslayer by Hermes
49638: was bestowed with Fire Brand by Hermes
51255: wished for "3 cursed scrolls of genocide", got "3 scrolls labeled MAPIRO MAHAMA DIROMAT"
51544: performed his first genocide (class L)
51953: became Hermes' Envoy of Balance
51953: was bestowed with Vorpal Blade
52171: wished for "holy figurine of an Archon", got "a figurine of an Archon"
52425: killed Hippocrates
52469: wished for "marker", got "a magic marker"
53498: genocided class c
53498: genocided class h
53754: found the Staff of Aesculapius on the floor
53771: killed the Cyclops
53775: acquired the Bell of Opening
54500: attained the rank of Embalmer (level 6)
54693: genocided class R
57388: wished for "marker", got "a magic marker"
57721: killed Juiblex
58971: bribed Baalzebub with 40 zorkmids for safe passage
64317: genocided class w
64414: destroyed Vlad the Impaler
64416: acquired the Candelabrum of Invocation
64814: genocided class t
65332: killed the invisible Orcus
68121: wished for "holy wand of polymorph", got "a wand of polymorph"
71300: killed the Wizard of Yendor
71302: acquired the Book of the Dead
71328: performed the invocation
71629: killed the high priestess of Moloch
71631: acquired The Amulet of Yendor
72867: killed the invisible Wizard of Yendor (2nd time)
72868: killed the Wizard of Yendor (3rd time)
73306: entered the Elemental Planes
73306: entered Plane of Earth
73363: entered Plane of Air
73414: entered Plane of Fire
73452: killed the invisible Wizard of Yendor (5th time)
73488: entered Plane of Water
73492: genocided class ;
73561: entered the Astral Plane
73593: killed Famine
73612: killed the high priest of Poseidon (2nd time)
73616: wished for "blessed greased fixed +1 helm of opposite alignment", got "a greased etched helmet"
73625: ascended

Vanquished creatures:

Orcus
Juiblex
the Wizard of Yendor (5 times)
Famine
Vlad the Impaler
2 high clerics
Medusa
17 krakens
Hippocrates
4 iron golems
the Cyclops
4 storm giants
2 glass golems
6 balrogs
2 purple worms
5 gray dragons
4 gold dragons
3 silver dragons
12 red dragons
5 white dragons
2 orange dragons
7 black dragons
6 blue dragons
4 green dragons
5 yellow dragons
20 minotaurs
4 jabberwocks
7 baluchitheria
2 Angels
4 stone golems
3 Olog-hai
2 Nazgul
6 pit fiends
5 sandestins
3 hell hounds
2 displacer beasts
9 titanotheres
a trapper
a baby gray dragon
a baby blue dragon
a guardian naga
3 genetic engineers
a disenchanter
33 vampire leaders
5 skeletons
6 shopkeepers
the Oracle
16 aligned clerics
5 captains
6 shades
5 liches
2 clay golems
11 nurses
10 ice devils
6 nalfeshnees
4 lurkers above
an Aleax
2 ettins
3 golden nagas
15 black puddings
29 vampires
7 lieutenants
a watch captain
37 ghosts
4 queen bees
8 winged gargoyles
2 mind flayers
10 giant mimics
2 long worms
8 zruties
8 fire giants
10 ogre tyrants
5 ice trolls
8 rock trolls
9 umber hulks
4 flesh golems
5 elven monarchs
2 doppelgangers
10 hezrous
15 bone devils
6 large mimics
3 wumpuses
4 fire vortices
a couatl
12 stalkers
5 air elementals
4 fire elementals
4 earth elementals
6 water elementals
7 hill giants
4 giant mummies
2 black nagas
3 xorns
12 giant zombies
4 elf-nobles
26 sergeants
8 barbed devils
9 vrocks
10 salamanders
22 wargs
3 winter wolves
3 hell hound pups
25 small mimics
6 warhorses
9 steam vortices
7 xans
6 ettin mummies
6 ogre leaders
13 quantum mechanics
17 trolls
a sasquatch
6 wood golems
3 erinyes
4 mariliths
13 sharks
16 electric eels
4 gelatinous cubes
a pyrolisk
5 large dogs
a freezing sphere
7 flaming spheres
4 shocking spheres
a large cat
7 tigers
10 gargoyles
a dwarf ruler
8 tengu
7 ochre jellies
8 leocrottas
5 energy vortices
5 mountain centaurs
6 stone giants
7 elf mummies
3 human mummies
7 red nagas
3 green slimes
8 pythons
12 pit vipers
3 cobras
44 wraiths
7 carnivorous apes
12 ettin zombies
7 leather golems
14 Grey-elves
120 soldiers
3 watchmen
5 amorous demons
9 horned devils
3 chameleons
5 crocodiles
15 giant beetles
11 quivering blobs
4 cockatrices
15 wolves
7 winter wolf cubs
2 lynxes
6 panthers
8 gremlins
4 spotted jellies
34 leprechauns
2 orc-captains
4 iron piercers
6 mumakil
13 giant spiders
6 scorpions
6 horses
an ice vortex
9 black lights
13 vampire bats
5 forest centaurs
3 gnome rulers
3 orc mummies
6 dwarf mummies
14 ogres
10 brown puddings
6 rust monsters
12 owlbears
13 yetis
4 werewolves
8 Green-elves
6 piranha
39 giant eels
21 lizards
8 attendants
3 chickatrices
3 dingoes
3 dogs
7 jaguars
4 dwarf leaders
10 blue jellies
3 white unicorns
3 gray unicorns
2 black unicorns
10 dust vortices
36 ravens
10 plains centaurs
6 Kop Kaptains
3 gnome mummies
27 snakes
6 water moccasins
16 apes
23 human zombies
4 rope golems
16 Woodland-elves
27 soldier ants
21 fire ants
26 bugbears
3 imps
3 lemures
8 quasits
7 wood nymphs
13 water nymphs
5 mountain nymphs
8 Mordor orcs
11 Uruk-hai
2 orc shamans
13 rock piercers
10 rock moles
9 ponies
12 fog clouds
10 yellow lights
5 shriekers
2 violet fungi
20 gnome leaders
4 gnomish wizards
2 Kop Lieutenants
5 kobold mummies
2 golden naga hatchlings
a guardian naga hatchling
11 gray oozes
6 barrow wights
16 elf zombies
21 ghouls
5 straw golems
3 paper golems
7 jellyfish
a baby crocodile
33 giant ants
3 little dogs
22 floating eyes
4 kittens
31 dwarves
11 homunculi
7 kobold leaders
4 kobold shamans
22 hill orcs
20 rothes
34 rabid rats
5 centipedes
11 giant bats
15 Kop Sergeants
6 monkeys
26 orc zombies
19 dwarf zombies
11 wererats
6 werejackals
33 iguanas
55 killer bees
11 acid blobs
13 coyotes
5 gas spores
17 hobbits
13 manes
7 large kobolds
32 hobgoblins
38 giant rats
14 cave spiders
3 brown molds
7 yellow molds
7 green molds
4 red molds
32 gnomes
28 Keystone Kops
12 garter snakes
19 gnome zombies
31 geckos
50 jackals
14 foxes
11 kobolds
22 goblins
21 sewer rats
44 grid bugs
12 bats
40 lichens
18 kobold zombies
46 newts
2901 creatures vanquished.

Genocided or extinct species:

chickatrices
cockatrices
pyrolisks
hobbits
dwarves
bugbears
dwarf leaders
dwarf rulers
mind flayers
master mind flayers
lurkers above
trappers
baby long worms
baby purple worms
long worms
purple worms
liches
demiliches
master liches
arch-liches
rust monsters
disenchanters
soldiers (extinct)
erinyes (extinct)
jellyfish
piranha
sharks
giant eels
electric eels
krakens
28 species genocided.
2 species extinct.

Voluntary challenges:

You were a pacifist.
You read items or engraved 247 times.
You engraved Elbereth 13 times.
You genocided 28 types of monsters.
You used 7 wishes.
You did not wish for any artifacts.
You violated the special Sokoban rules thrice.

Achievements:

You entered a shop.
You entered the Gnomish Mines.
You entered Minetown.
You entered a temple.
You entered Sokoban.
You completed the Gnomish Mines.
You completed Sokoban.
You defeated Medusa.
You learned the tune to open and close the Castle's drawbridge.
You entered Gehennom.
You attained the rank of Empiric.
You handled the Bell of Opening.
You attained the rank of Embalmer.
You handled the Candelabrum of Invocation.
You handled the Book of the Dead.
You gained access to Moloch's Sanctum.
You reached the Elemental Planes.
You reached the Astral Plane.
You delivered the Amulet of Yendor.
You ascended!

The Elemental Planes:

   Astral Plane: <- You are here.
A temple to Poseidon.
Plane of Water:
Plane of Fire:
Plane of Air:
Plane of Earth:

The Dungeons of Doom: levels 1 to 28

   Level 1:
An altar.
One way stairs up to The Elemental Planes.
Level 2:
A general store.
Level 3:
Level 4:
Some sinks.
Stairs down to The Gnomish Mines.
Level 5:
A grave.
Level 6: "Angry Shk"
Many shops.
Level 7:
A sink.
Level 8:
Oracle of Delphi.
Level 9: "Stash"
Some altars.
Stairs up to Sokoban, level 8.
Level 10:
Level 11:
Level 12: "Polytrap"
Level 13:
Level 14:
Level 15:
Portal to The Quest.
Level 16:
Level 17:
A primitive area.
Level 18:
An altar to Poseidon.
Level 19:
Level 20:
Level 21:
Level 22:
Level 23:
An untended shop, an altar.
Level 24:
Many trees.
Level 25:
Final resting place for
DragonSidedD-Mon-Hum-Mal-Cha, killed by a minotaur.
Level 26:
Level 27:
Level 28:
The castle.
Connection to Gehennom.

Gehennom: levels 29 to 52

   Level 29:
A temple, many graves.
Valley of the Dead.
Level 30: "Asmo"
Level 31:
Level 32:
Level 33: "Polytrap"
Level 34:
Level 35:
Level 36:
Level 37:
Level 38: "Polytrap"
Level 39:
Some shops, an altar, many graves.
Level 40:
Level 41:
Stairs up to Vlad's Tower, level 40.
Level 42: "Come back with !oOD"
Level 43:
Level 44:
Level 45:
Level 46:
Level 47: "Wiztower Portal"
Level 48:
Level 49:
Level 50:
Level 51:
Level 52:
A temple, many graves.
Moloch's Sanctum.

The Gnomish Mines: levels 5 to 12

   Level 5:
Level 6:
Level 7:
Many shops, a temple, some trees.
Level 8:
Level 9:
Some graves.
Final resting place for
OpticSugar-Arc-Hum-Mal-Neu, killed by a carnivorous ape, while praying,
lurchy-Wiz-Elf-Mal-Cha, killed by a crossbow bolt.
Level 10: "magic trap"
Level 11: "magic trap"
Level 12:
A fountain.

The Quest: levels 1 to 6

   Level 1:
An altar.
Home (no way back...).
Level 2:
Level 3:
A temple to Poseidon.
Level 4:
Level 5:
Level 6:

Sokoban: levels 8 up to 5

   Level 5:
Solved.
Level 6:
Solved.
Level 7:
Solved.
Level 8:
Solved.

Vlad's Tower: levels 40 up to 38

   Level 38:
Level 39:
Level 40: "Polytrap"

Goodbye spontiff the Demigoddess...


You and the guardian Angel of Hermes
went to your reward with 12618 points,
and 0 pieces of gold, after 73625 moves.
You were level 6 with a maximum of 196 hit points when you ascended.